 Dungeon Crawl Stone Soup version 0.31-a0-844-gdc52ec4e09 (webtiles) character file.

Game seed: 10546289165557456149

62 gelatine the Chopper (level 3, -1/27 HPs)
             Began as a Demonspawn Gladiator on Sept 30, 2023.
             Slain by an orc
             ... wielding a +0 trident
              (7 damage)
             ... on level 2 of the Dungeon.
             The game lasted 00:02:14 (1398 turns).

gelatine the Chopper (Demonspawn Gladiator)         Turns: 1398, Time: 00:02:15

Health: -1/27      AC:  4    Str: 16    XL:     3   Next: 85%
Magic:  3/3        EV: 12    Int:  9    God:
Gold:   80         SH:  0    Dex: 14    Spells: 2/2 levels left

rFire   . . .        a - +0 war axe
rCold   . . .        (no shield)
rNeg    . . .        b - +0 leather armour
rPois   .            c - +0 helmet
rElec   .            (no cloak)
rCorr   .            (no gloves)
SInv    .            (no boots)
Will    .....        (no amulet)
Stlth   +            (no ring)
HPRegen 0.24/turn    (no ring)
MPRegen 0.08/turn

%: no passive effects
@: no status effects
A: hooves 1
a: no special abilities


You were on level 2 of the Dungeon.
You visited 1 branch of the dungeon, and saw 2 of its levels.

You collected 80 gold pieces.

Inventory:

Hand Weapons
 a - a +0 war axe (weapon)
 g - a +1 rapier of draining
Missiles
 d - 3 throwing nets
 e - a javelin
 j - 2 boomerangs (quivered)
Armour
 b - a +0 leather armour (worn)
 c - a +0 helmet (worn)
Talismans
 k - a maw talisman
Scrolls
 f - 3 scrolls of identify {unknown}
 i - a scroll of acquirement {unknown}
 l - a scroll of vulnerability {unknown}
 m - a scroll of noise {unknown}
 n - a scroll of immolation {unknown}
Potions
 h - a potion of cancellation {unknown}
 o - 3 potions of lignification {unknown}
 p - a potion of enlightenment {unknown}


   Skills:
 + Level 2.1 Fighting
 + Level 3.4 Axes
 + Level 1.8 Throwing
 + Level 1.0 Armour
 + Level 3.2 Dodging
 + Level 0.6 Stealth


You had 2 spell levels left.
You didn't know any spells.
Your spell library was empty.

Dungeon Overview and Level Annotations

Branches:
Dungeon (2/15)

Altars:


Innate Abilities, Weirdness & Mutations

You have large cloven feet.


Message History

The orc is severely wounded.
The orc hits you but does no damage. The orc closely misses you.
The orc wizard mumbles some strange words.
The orc wizard flickers and vanishes!
Deactivating autopickup; reactivate with Ctrl-A.
The orc wizard casts a spell.
The orc wizard flickers and vanishes!
The orc misses you.
The orc hits you from afar with a +0 trident.
You slash the orc!
You kill the orc!
A worm comes into view.
Found an escape hatch in the floor.
The orc misses you.
Things that are here:
a +0 flail; a +0 scale mail; an orc corpse You barely miss something.
You hear some strange, mumbled words.
You are confused.
The orc closely misses you.
You completely miss something. Your kick misses something. Something hits you.
The orc hits you from afar with a +0 trident.
Something hits you. The orc completely misses you.
You bump into the rock wall.
Something hits you. The orc barely misses you.
You bump into the rock wall.
The orc hits you but does no damage.
You hear some strange, mumbled words.
A magic dart appears from out of thin air!
The magic dart hits you!
You barely miss something. Something hits you.
* * * LOW HITPOINT WARNING * * *
The orc hits you from afar with a +0 trident.
* * * LOW HITPOINT WARNING * * *
You closely miss something.
You feel less confused. Something hits you.
* * * LOW HITPOINT WARNING * * *
The orc completely misses you.
You hit something. You kick something.
You hear some strange, mumbled words.
Something tries to affect you, but you resist.
The orc hits you from afar with a +0 trident!
You die...

#.## ##.......##.#
...######...........#
.................####
...#######.......#
#.## #.......# #.#
#.#####.# ..# #.# #.#
### #.# #.# ###.# #@#
#...# #{# #.### #o#
#.# #J# #.#


w{o ### #.# ... ..# #.# ... #.# #.# ...>. #.######.# You could see a worm, 2
orcs and an endoplasm.

Vanquished Creatures
  2 adders (D:2)
  A dart slug (D:1)
  An orc (D:2)
  An endoplasm (D:2)
  2 giant cockroaches
  4 goblins
  7 hobgoblins
  4 jackals (D:1)
  2 quokkas (D:1)
  2 ball pythons
  4 bats (D:1)
  A frilled lizard (D:1)
  3 kobolds
  2 rats (D:1)
36 creatures vanquished.

Notes
Turn   | Place    | Note
-------+----------+-------------------------------------------
     0 | D:1      | gelatine the Demonspawn Gladiator began the quest for the
                  | Orb.
     0 | D:1      | Reached XP level 1. HP: 16/16 MP: 1/1
   138 | D:1      | Gained mutation: You have large cloven feet. [demonic
                  | ancestry]
   138 | D:1      | Reached XP level 2. HP: 7/22 MP: 2/2
   575 | D:1      | Reached XP level 3. HP: 27/27 MP: 3/3
  1251 | D:2      | Reached skill level 1 in Armour
  1398 | D:2      | Slain by an orc

Illustrated notes

Levels and vault maps discovered:
D:1:      saegor_arrival_fortress, layout_basic, minmay_misc_feat_secret_circle
D:2:      layout_loops_ring

Skill      XL: |  1  2  3 |
---------------+----------+-----
Axes           | 3 |  3.4
Dodging        | 3 |  3.2
Armour         | 1 |  1.0
Fighting       | |  2.1
Throwing       | |  1.8
Stealth        | |  0.6

Action                     || total
---------------------------++-------
  Melee: War axe           ||    71
         Kick              ||     9
         Punch             ||     1
  Throw: Boomerang         ||     5
   Stab: Sleeping          ||     1
 Armour: Leather armour    ||    79
  Dodge: Dodged            ||    72

Table legend: (Time is in decaauts)
 A = Elapsed time spent in this place.
 B = Non-inter-level travel time spent in this place.
 C = Inter-level travel time spent in this place.
 D = Time resting spent in this place.
 E = Time spent auto-exploring this place.
 F = Levels seen in this place.
 G = Mean time per level.
                   A        B        C        D        E       F      G
               +--------+--------+--------+--------+--------+-----+--------+
         Total |   1423 |   1359 |     64 |      0 |   1101 |   2 |  711.5 |
       Dungeon |   1423 |   1359 |     64 |      0 |   1101 |   2 |  711.5 |
               +--------+--------+--------+--------+--------+-----+--------+

Top non-repeatable levels by time:
     D:1: 985 daAuts
     D:2: 437 daAuts
